 Dungeon Sprint DCSS version 0.28.0-53-g5a82cb258f (webtiles) character file.

Game seed: 4420504583824464228

27166 Zeld the Slayer (level 13, -5/156 HPs)
             Began as a Minotaur Berserker on June 5, 2022.
             Was the Champion of Trog.
             Killed from afar by a red draconian (37 damage)
             ... with a searing blast
             ... in the Dungeon (Sprint VII: "The Pits").
             The game lasted 00:09:51 (8492 turns).

Zeld the Slayer (Minotaur Berserker)                Turns: 8492, Time: 00:09:51

Health: -5/156     AC: 20    Str: 28    XL:     13   Next: 2%
Magic:  12/12      EV: 11    Int:  4    God:    Trog [******]
Gold:   73         SH:  5    Dex:  6    Spells: 12/12 levels left

rFire   x . .      SeeInvis .   a - +3 broad axe "Uzownuh" {flame, rF- rN+++ Dex-3 Stlth+}
rCold   . . .      Faith    .   (no shield)
rNeg    + + +      Spirit   .   b - +3 chain mail
rPois   .          Reflect  +   q - +1 hat {Will+}
rElec   .          Harm     .   n - +0 cloak
rCorr   .          Rampage  .   (no gloves)
Will    +....      NoTele   +   (no boots)
Stlth   ..........              w - amulet of reflection
HPRegen 0.36/turn               k - +3 ring of protection
MPRegen 0.13/turn               m - +3 ring of protection

@: no status effects
A: horns 2, retaliatory headbutt
a: Renounce Religion, Berserk, Trog's Hand, Brothers in Arms


You were in the Dungeon.
You worshipped Trog.
Trog was exalted by your worship.
You visited 1 branch You collected 73 gold pieces.

Inventory:

Hand Weapons
 a - the +3 broad axe "Uzownuh" (weapon) {flame, rF- rN+++ Dex-3 Stlth+}
   (Trog gifted it to you in the Dungeon)

   It burns those it strikes, dealing additional fire damage.
   Big, fiery blades are also staple armaments of hydra-hunters.
   Dex:       It affects your dexterity (-3).
   rF:        It makes you vulnerable to fire.
   rN:        It renders you almost immune to negative energy.
   Stlth:     It makes you more stealthy.
 p - a +3 executioner's axe
Armour
 b - a +3 chain mail (worn)
 n - a +0 cloak (worn)
 q - a +1 hat of willpower (worn)
Jewellery
 k - a +3 ring of protection (left hand)
 m - a +3 ring of protection (right hand)
 w - an amulet of reflection (around neck)
Wands
 o - a wand of flame (24)
 v - a wand of iceblast (11)
Scrolls
 j - a scroll of summoning
 r - 2 scrolls of blinking
 s - 2 scrolls of identify
 t - 3 scrolls of fear
 u - 2 scrolls of enchant armour
Potions
 c - 6 potions of curing
 d - 14 potions of heal wounds
 e - 2 potions of haste
 f - 4 potions of magic
 g - 6 potions of berserk rage
 i - 2 potions of invisibility
 l - 5 potions of might
Miscellaneous
 h - a lightning rod (2/4)


   Skills:
 * Level 26.2 Fighting
 - Level 24.0 Axes
 - Level 3.2 Armour
 + Level 17.9 Dodging


You had 12 spell levels left.
You didn't know any spells.
Your spell library was empty.

Dungeon Overview and Level Annotations

Branches:
Dungeon (1/1)

Altars:
Ashenzari
Cheibriados
Dithmenos
Elyvilon
Fedhas
Gozag
Hepliaklqana
Kikubaaqudgha
Makhleb
Nemelex Xobeh
Okawaru
Qazlal
Ru
Sif Muna
Trog
Uskayaw
Vehumet
Wu Jian
Xom
Yredelemnul
Zin
The Shining One
Beogh
Jiyva
Lugonu

Annotations:
D exclusion: 10 doors


Innate Abilities, Weirdness & Mutations

You have a pair of horns on your head.
You reflexively headbutt those who attack you in melee.


Message History

Press: ? - help, Dir - move target, f - red draconian
Aim: a red draconian, wielding a +0 flail (ally target) Attack!
Unknown command.
You recover from your berserk rage.
The red draconian barely misses your cyclops.
Your cyclops closely misses the red draconian.
The red draconian hits your cyclops with a +0 flail!!
Your cyclops hits the red draconian!!
The red draconian hits your cyclops but does no damage.
Unknown command.
Your cyclops hits the red draconian!!!
Unknown command.
The red draconian hits your cyclops with a +0 flail!
Your cyclops hits the red draconian.
The red draconian hits your cyclops with a +0 flail!!
Unknown command.
Your cyclops hits the red draconian.
The red draconian hits your cyclops with a +0 flail!!
Your cyclops dies!
Your cyclops's corpse disappears in a puff of smoke!
Unknown command.
The red draconian breathes fire at you. The searing blast hits you!!
The fire burns you terribly!
* * * LOW HITPOINT WARNING * * *
You feel yourself speed up.
Aiming: Thunderbolt
Press: ? - help, Shift-Dir - straight line, f/p - red draconian
Aim: a red draconian, wielding a +0 flail (severely wounded)
The thunderbolt hits the red draconian.
The red draconian is severely wounded.
Unknown command.
Aiming: Thunderbolt
Press: ? - help, Shift-Dir - straight line, f/p - red draconian
Aim: a red draconian, wielding a +0 flail (severely wounded)
The thunderbolt hits the red draconian!
The red draconian is almost dead.
The red draconian breathes fire at you. The searing blast hits you!!!
The fire burns you terribly!
You die...

.''..........#
.''..........#
.##..#....#..#
.##..........+
.##..........+
.####++####)'# .#
#')####################
.#
#..)................))ยง
.#
#.....@..d........).)))
.#
#..##############++####
.# #..# ## #..# ## #..#
.# #..# .# #..# .# #..#
.##########..#


You could see a red draconian (catching breath).

Vanquished Creatures
  2 death cobs (D)
  2 sphinxes (D)
  Gastronok (D)
  A frost giant (D)
  An orc warlord (D)
  A deep elf death mage (D)
  A two-headed ogre (D)
  A centaur warrior (D)
  A spriggan berserker (D)
  A sixfirhy (D)
  A shadow wraith (D)
  A sea snake (D)
  2 swamp dragons (D)
  A bog body (D)
  A flayed ghost (D)
  An orc knight (D)
  3 deep elf pyromancers (D)
  A wolf spider (D)
  A deep elf zephyrmancer (D)
  An orc sorcerer (D)
  A cyclops (D)
  An elephant (D)
  Maurice (D)
  A molten gargoyle (D)
  An orange demon (D)
  A komodo dragon (D)
  2 freezing wraiths (D)
  2 hellwings (D)
  A yaktaur (D)
  An ice devil (D)
  A merfolk (D)
  A troll (D)
  4 dream sheep (D)
  2 tarantellas (D)
  A tyrant leech (D)
  A snapping turtle (D)
  2 spriggans (D)
  An air elemental (D)
  A shadow (D)
  7 yaks (D)
  3 redbacks (D)
  A chaos spawn (D)
  Menkaure (D)
  A floating eye (D)
  7 orc warriors (D)
  2 swamp drakes (D)
  A black bear (D)
  An ice beast (D)
  An ogre (D)
  2 necrophages (D)
  A centaur (D)
  A phantom (D)
  A wolf (D)
  A small abomination (D)
  3 orc priests (D)
  A gnoll shaman (D)
  2 jellies (D)
  An iron imp (D)
  2 orc wizards (D)
  5 gnolls (D)
  A river rat (D)
  A worm (D)
  9 orcs (D)
  A bat (D)
  A bat skeleton (D)
  An endoplasm (D)
  2 giant cockroaches (D)
  A goblin (D)
  2 hobgoblins (D)
  4 jackals (D)
  A kobold (D)
  A quokka (D)
  A giant cockroach zombie (D)
  A rat (D)
123 creatures vanquished.

Vanquished Creatures (collateral kills)
  A sphinx (D)
  A death cob (D)
  An anaconda (D)
  A hornet (D)
  A large abomination (D)
  A wraith (D)
  A redback (D)
7 creatures vanquished.

Vanquished Creatures (others)
  A manticore (D)
  A giant cockroach simulacrum (D)
2 creatures vanquished.

Grand Total: 132 creatures vanquished

Notes
Turn   | Place    | Note
-------+----------+-------------------------------------------
     0 | D        | Zeld the Minotaur Berserker began the quest for the Orb.
     0 | D        | Reached XP level 1. HP: 19/19 MP: 0/0
    16 | D        | Reached skill level 4 in Fighting
    16 | D        | Reached XP level 2. HP: 14/28 MP: 1/1
    20 | D        | Found a bloodstained altar of Trog.
    20 | D        | Found a shimmering blue altar of Sif Muna.
    20 | D        | Found a viscous altar of Jiyva.
    20 | D        | Found a hazy altar of Hepliaklqana.
    20 | D        | Found an opulent altar of Gozag.
    21 | D        | Found a glowing golden altar of the Shining One.
    21 | D        | Found a glowing silver altar of Zin.
    21 | D        | Found a basalt altar of Yredelemnul.
    21 | D        | Found a shimmering altar of Xom.
    21 | D        | Found an ornate altar of the Wu Jian Council.
    21 | D        | Found a sacrificial altar of Ru.
    21 | D        | Found a stormy altar of Qazlal.
    21 | D        | Found an iron altar of Okawaru.
    21 | D        | Found a sparkling altar of Nemelex Xobeh.
    21 | D        | Found a burning altar of Makhleb.
    21 | D        | Found a blossoming altar of Fedhas.
    21 | D        | Found a white marble altar of Elyvilon.
    21 | D        | Found a shadowy altar of Dithmenos.
    21 | D        | Found a snail-covered altar of Cheibriados.
    22 | D        | Found a radiant altar of Vehumet.
    22 | D        | Found a corrupted altar of Lugonu.
    23 | D        | Found a hide-covered altar of Uskayaw.
    23 | D        | Found an ancient bone altar of Kikubaaqudgha.
    23 | D        | Found a broken altar of Ashenzari.
   275 | D        | Reached ** piety under Trog
   471 | D        | Noticed a floating eye
   473 | D        | Paralysed by a floating eye for 2 turns
   476 | D        | Killed a floating eye
   477 | D        | Reached skill level 7 in Fighting
   477 | D        | Reached XP level 3. HP: 40/40 MP: 2/2
   477 | D        | Reached XP level 4. HP: 48/48 MP: 3/3
   920 | D        | Reached *** piety under Trog
   925 | D        | Reached skill level 8 in Fighting
   925 | D        | Reached skill level 5 in Dodging
   927 | D        | Reached **** piety under Trog
  1119 | D        | Noticed a necrophage
  1126 | D        | Killed a necrophage
  1127 | D        | Reached skill level 9 in Fighting
  1127 | D        | Reached XP level 5. HP: 52/57 MP: 4/4
  1129 | D        | Noticed a black bear
  1137 | D        | Killed a black bear
  1138 | D        | Reached skill level 10 in Fighting
  1138 | D        | Reached skill level 10 in Axes
  1138 | D        | Reached XP level 6. HP: 60/67 MP: 5/5
  1353 | D        | Reached ***** piety under Trog
  1354 | D        | Reached skill level 11 in Fighting
  1520 | D        | Reached XP level 7. HP: 75/75 MP: 6/6
  1522 | D        | Noticed an orc knight
  1522 | D        | Noticed a troll
  1522 | D        | Noticed an orc sorcerer
  1522 | D        | Noticed a sea snake
  1527 | D        | Killed a sea snake
  1528 | D        | Reached skill level 13 in Fighting
  1528 | D        | Reached XP level 8. HP: 86/86 MP: 7/7
  1531 | D        | Received a gift from Trog
  1534 | D        | Killed a troll
  1535 | D        | Reached skill level 14 in Fighting
  1537 | D        | Killed an orc sorcerer
  1538 | D        | Reached skill level 15 in Fighting
  1543 | D        | Killed an orc knight
  1544 | D        | Reached skill level 15 in Axes
  1544 | D        | Reached skill level 10 in Dodging
  1544 | D        | Reached XP level 9. HP: 11/99 MP: 8/8
  2343 | D        | Noticed a death cob
  2343 | D        | Noticed a death cob
  2343 | D        | Noticed a frost giant
  2353 | D        | Killed a frost giant
  2354 | D        | Reached skill level 16 in Fighting
  2355 | D        | Received a gift from Trog
  2356 | D        | Noticed a manticore
  2359 | D        | Killed a death cob
  2359 | D        | Noticed a deep elf pyromancer
  2360 | D        | Reached skill level 17 in Fighting
  2360 | D        | Reached XP level 10. HP: 64/112 MP: 9/9
  2362 | D        | Noticed an anaconda
  2365 | D        | Reached skill level 18 in Fighting
  2370 | D        | Killed a death cob
  2376 | D        | Killed an anaconda
  2376 | D        | Killed a manticore
  2377 | D        | Reached skill level 19 in Fighting
  2410 | D        | Killed a deep elf pyromancer
  2414 | D        | Noticed a sixfirhy
  2468 | D        | Killed a sixfirhy
  2531 | D        | Noticed a deep elf pyromancer
  2540 | D        | Killed a deep elf pyromancer
  2540 | D        | Identified the +3 broad axe "Uzownuh" {flame, rF- rN+++
                  | Dex-3 Stlth+} (Trog gifted it to you in the Dungeon)
  2540 | D        | Received a gift from Trog
  2605 | D        | Paralysed by an air elemental for 1 turns
  2608 | D        | Paralysed by an air elemental for 1 turns
  2659 | D        | Reached skill level 20 in Fighting
  2659 | D        | Reached XP level 11. HP: 63/124 MP: 10/10
  2821 | D        | Killed a shadow wraith
  3119 | D        | Noticed a sphinx
  3129 | D        | Killed a sphinx
  3239 | D        | Reached skill level 21 in Fighting
  3242 | D        | Received a gift from Trog
  3810 | D        | Noticed a bog body
  3816 | D        | Killed a bog body
  4036 | D        | Found a bloodstained altar of Trog.
  4036 | D        | Found a viscous altar of Jiyva.
  4036 | D        | Found a hazy altar of Hepliaklqana.
  4039 | D        | Found a shimmering blue altar of Sif Muna.
  4039 | D        | Found an opulent altar of Gozag.
  4040 | D        | Found a glowing golden altar of the Shining One.
  4040 | D        | Found a glowing silver altar of Zin.
  4040 | D        | Found a basalt altar of Yredelemnul.
  4040 | D        | Found a shimmering altar of Xom.
  4040 | D        | Found an ornate altar of the Wu Jian Council.
  4040 | D        | Found a sacrificial altar of Ru.
  4040 | D        | Found a stormy altar of Qazlal.
  4040 | D        | Found an iron altar of Okawaru.
  4040 | D        | Found a sparkling altar of Nemelex Xobeh.
  4040 | D        | Found a burning altar of Makhleb.
  4040 | D        | Found a blossoming altar of Fedhas.
  4040 | D        | Found a white marble altar of Elyvilon.
  4040 | D        | Found a shadowy altar of Dithmenos.
  4040 | D        | Found a snail-covered altar of Cheibriados.
  4041 | D        | Found a radiant altar of Vehumet.
  4041 | D        | Found a corrupted altar of Lugonu.
  4106 | D        | Reached ****** piety under Trog
  4173 | D        | Found a hide-covered altar of Uskayaw.
  4173 | D        | Found an ancient bone altar of Kikubaaqudgha.
  4173 | D        | Found a broken altar of Ashenzari.
  4886 | D        | Noticed a deep elf pyromancer
  4911 | D        | Killed a deep elf pyromancer
  4911 | D        | Received a gift from Trog
  5104 | D        | Noticed a swamp dragon
  5111 | D        | Killed a swamp dragon
  5112 | D        | Reached skill level 22 in Fighting
  5121 | D        | Reached skill level 15 in Dodging
  5291 | D        | Noticed a deep elf zephyrmancer
  5298 | D        | Received a gift from Trog
  5301 | D        | Killed a deep elf zephyrmancer
  5696 | D        | Noticed a flayed ghost
  5702 | D        | Killed a flayed ghost
  5703 | D        | Reached XP level 12. HP: 124/139 MP: 11/11
  5781 | D        | Noticed a death cob
  5787 | D        | Killed a death cob
  5788 | D        | Reached skill level 23 in Fighting
  5792 | D        | Received a gift from Trog
  6019 | D        | Noticed Maurice
  6025 | D        | Killed Maurice
  6453 | D        | Noticed Gastronok
  6473 | D        | Received a gift from Trog
  6477 | D        | Noticed a two-headed ogre
  6478 | D        | Noticed Menkaure
  6482 | D        | Killed Gastronok
  6490 | D        | Killed a two-headed ogre
  6490 | D        | Received a gift from Trog
  6494 | D        | Killed Menkaure
  7266 | D        | Noticed a centaur warrior
  7275 | D        | Killed a centaur warrior
  7275 | D        | Received a gift from Trog
  7276 | D        | Reached skill level 24 in Fighting
  7290 | D        | Noticed a death yak
  7996 | D        | Received a gift from Trog
  8283 | D        | Noticed an orc warlord
  8284 | D        | Noticed a red draconian
  8322 | D        | Received a gift from Trog
  8324 | D        | Killed an orc warlord
  8325 | D        | Reached skill level 25 in Fighting
  8331 | D        | Received a gift from Trog
  8400 | D        | Noticed a sphinx
  8413 | D        | Noticed a deep elf death mage
  8420 | D        | Killed a sphinx
  8434 | D        | Killed a ghostly sphinx
  8435 | D        | Killed a deep elf death mage
  8439 | D        | Killed a ghostly deep elf death mage
  8439 | D        | Received a gift from Trog
  8460 | D        | Noticed a sphinx
  8469 | D        | Killed a sphinx
  8470 | D        | Reached skill level 26 in Fighting
  8470 | D        | Reached XP level 13. HP: 51/156 MP: 12/12
  8492 | D        | Killed from afar by a red draconian

Illustrated notes

Levels and vault maps discovered:
D:        pitsprint [storerooms_1, entrance_room_1, metal_vault_3, armoury_1,
          mini_pit_1, grid_room_1, main_hall_1, silver_pit, the_coven_1,
          the_vestibule_1, steel_vault_2, golden_pit, hallway_of_sentries,
          crystal_vault_1, iron_vault_5, final_vault]

Skill      XL: |  1  2  3  4  5  6  7  8  9 10 11 12 |
---------------+-------------------------------------+-----
Fighting       | 4 7 9 10 11 13 15 17 20 22 26 | 26.2
Axes           | 4 7 9 10 11 13 15 17 20 22 24 | 24.0
Armour         | 3 |  3.2
Dodging        | 4 6 7 8 10 11 13 15 17 | 17.9

Action                   |  1- 3 |  4- 6 |  7- 9 | 10-12 | 13-15 || total
-------------------------+-------+-------+-------+-------+-------++-------
Melee: Hand axe          |    12 |    32 |    18 |       |       ||    62
       Headbutt          |       |     5 |    10 |    49 |       ||    64
       Punch             |       |       |     2 |     3 |       ||     5
       War axe           |       |       |    15 |    24 |       ||    39
       Broad axe         |       |       |       |   227 |       ||   227
Invok: Berserk           |       |       |     2 |     5 |       ||     7
       Brothers in Arms  |       |       |       |     5 |       ||     5
Evoke: Lightning rod     |       |       |       |       |     2 ||     2
  Use: Scroll            |       |       |       |     1 |       ||     1
       Potion            |       |       |       |     3 |       ||     3
 Stab: Sleeping          |     1 |       |       |       |       ||     1
Armor: Animal skin       |       |     5 |       |       |       ||     5
       Chain mail        |       |     5 |     7 |   123 |       ||   135
Dodge: Dodged            |     7 |    21 |    13 |   127 |       ||   168
Block: Other             |       |       |       |    10 |       ||    10
